 Dungeon Crawl Stone Soup version 0.31.0-32-g396128a36d (webtiles) character file.

Game seed: 10510624124877109256

600 MollyMolluskus the Ruffian (level 7, -12/49 HPs)
             Began as an Octopode Fighter on Mar 31, 2024.
             Was an Initiate of Wu Jian.
             Mangled by an ogre
             ... wielding a +0 giant spiked club
              (34 damage)
             ... on level 6 of the Dungeon.
             The game lasted 00:11:21 (3527 turns).

MollyMolluskus the Ruffian (Octopode Fighter)       Turns: 3527, Time: 00:11:21

Health: -12/49     AC:  1    Str: 18    XL:     7   Next: 41%
Magic:  7/7        EV: 14    Int: 10    God:    Wu Jian [......]
Gold:   306        SH:  6    Dex: 16    Spells: 6/6 levels left

rFire   . .          .
                       - Unarmed
rCold   . . .        a - +1 buckler
rNeg    . . .        (helmet restricted)
rPois   .            e - amulet "Foguac Orgho" {Regen+ Dex+5}
rElec   .            (no ring)
rCorr   .            (no ring)
SInv    .            (no ring)
Will    .....        (no ring)
Stlth   ++++         (no ring)
HPRegen 1.08/turn    (no ring)
MPRegen 0.10/turn    (no ring)
                     (no ring)

%: no passive effects
@: no status effects
A: almost no armour, amphibious, 8 rings, camouflage 1, gelatinous body 1,
(nimble swimmer 1), tentacles
a: Renounce Religion


You were on level 6 of the Dungeon.
You worshipped Wu Jian.
Wu Jian was noncommittal.
You visited 2 branches of the dungeon, and saw 7 of its levels.

You collected 306 gold pieces.

Inventory:

Missiles
 c - 51 stones (quivered)
 m - 5 poisoned darts
 n - a boomerang
Armour
 a - a +1 buckler (worn)
Jewellery
 e - the amulet "Foguac Orgho" (around mantle) {Regen+ Dex+5}
   (You acquired it on level 2 of the Dungeon)

   [amulet of regeneration]

   Dex+5:     It affects your dexterity (+5).
   Regen+:    It increases your rate of health regeneration.
Talismans
 k - a dragon-blood talisman
Scrolls
 i - 2 scrolls of enchant weapon
 j - 3 scrolls of revelation
 p - a scroll of teleportation
Potions
 b - 2 potions of might
 d - 2 potions of heal wounds
 f - 2 potions of curing
 g - a potion of mutation
 h - a potion of lignification {unknown}
 l - a potion of attraction {unknown}
 o - a potion of enlightenment {unknown}


   Skills:
 + Level 4.4 Fighting
 + Level 4.3 Dodging
 - Level 4.0 Stealth
 - Level 4.0 Shields
 * Level 5.0 Unarmed Combat


You had 6 spell levels left.
You didn't know any spells.
Your spell library contained the following spells:

 Spells                   Type           Power      Damage    Failure   Level
 Kiss of Death            Conj/Necr      0%         2d5       43%         1
 Lesser Beckoning         Tloc           0%         N/A       58%         2
 Confusing Touch          Hex            0%         N/A       82%         3
 Gell's Gravitas          Tloc           0%         N/A       82%         3
 Teleport Other           Tloc           0%         N/A       82%         3
 Dispel Undead            Necr           0%         3d6       99%         4


Dungeon Overview and Level Annotations

Branches:
Dungeon (6/15)             Temple (1/1) D:4

Altars:
Ashenzari
Cheibriados
Dithmenos
Elyvilon
Fedhas
Gozag
Hepliaklqana
Makhleb
Nemelex Xobeh
Okawaru
Qazlal
Ru
Trog
Uskayaw
Vehumet
Wu Jian
Xom
Yredelemnul
Zin
The Shining One

Shops:
D:2 :   D:4 =

Annotations:
D:4 3 runed translucent doors, CrypticCrinoid's ghost, amateur MiBe
D:6 2 transporters


Innate Abilities, Weirdness & Mutations

You cannot wear most types of armour.
You are amphibious.
You can wear up to eight rings at the same time.
Your skin changes colour to match your surroundings (Stealth+).
Your rubbery body absorbs attacks. (AC +1, EV +1)
((You are camouflaged when in or above water. (Stealth+)))
You have tentacles for arms and can constrict up to eight enemies at once.


Message History

There is a stone staircase leading down here.
You climb downwards.
Found 6 stones, a wand of flame (27) and 18 gold pieces.
Found a transporter.
There is a stone staircase leading up here.
Sorry, I don't know how to get there.
There is a stone staircase leading up here.
Found a transporter.
Found a leather armour.
An adder comes into view.
The adder hisses angrily.
You bludgeon the adder! You grab the adder. You squeeze the adder.
You kill the adder!
The Council accepts your kill.
Found a stone staircase leading down.
Found a mace.
You see here a +0 mace.
Found a stone staircase leading up.
Found a stone staircase leading down.
An ogre comes into view. It is wielding a +0 giant spiked club.
Found a flux talisman and a spear.
You lunge at the ogre.
The helpless ogre fails to defend itself.
You tentacle-slap the ogre.
The ogre is lightly wounded.
The ogre barely misses you.
Unknown command.
You tentacle-slap the ogre.
The ogre is moderately wounded.
The ogre hits you with a +0 giant spiked club!
You tentacle-slap the ogre.
The ogre is moderately wounded.
You tentacle-slap the ogre.
The ogre is moderately wounded.
The ogre hits you with a +0 giant spiked club!
You tentacle-slap the ogre.
The ogre is heavily wounded.
The ogre hits you with a +0 giant spiked club!!
Ouch! That really hurt!
You die...

#.# #.# #######
#.# # #.....# #.#
#.##.....######.#
................#
##.....########
...#.....#
#......@.#
#..>...O.#
#.#..)..%# #
#.###### #. #


You could see an ogre.

Vanquished Creatures
  A phantom (D:4)
  A bullfrog (D:5)
  A scorpion (D:5)
  2 hounds (D:4)
  An orc priest (D:3)
  Natasha (thrice) (D:3)
  An iguana (D:5)
  7 gnolls (D:2)
  7 adders
  A shadow imp (D:5)
  3 dart slugs
  5 orcs
  6 bats
  6 endoplasms
  3 giant cockroaches (D:1)
  4 goblins
  8 hobgoblins
  4 jackals (D:3)
  6 kobolds
  2 quokkas
  6 ball pythons
  2 frilled lizards
  3 rats
83 creatures vanquished.

Notes
Turn   | Place    | Note
-------+----------+-------------------------------------------
     0 | D:1      | MollyMolluskus the Octopode Fighter began the quest for the
                  | Orb.
     0 | D:1      | Reached XP level 1. HP: 16/16 MP: 1/1
   120 | D:1      | Reached XP level 2. HP: 21/21 MP: 2/2
   418 | D:1      | Reached skill level 1 in Stealth
   614 | D:1      | Reached XP level 3. HP: 26/26 MP: 3/3
   739 | D:2      | Identified a scroll of acquirement
   739 | D:2      | Acquired the amulet "Foguac Orgho" {Regen+ Dex+5}
   749 | D:2      | Found a faded altar of an unknown god.
   913 | D:2      | Reached XP level 4. HP: 29/31 MP: 4/4
   920 | D:2      | Reached skill level 3 in Unarmed Combat
  1325 | D:2      | Found Baddyuso's Book Emporium.
  1466 | D:3      | Noticed Natasha
  1474 | D:3      | Reached XP level 5. HP: 33/36 MP: 5/5
  1501 | D:3      | Killed Natasha
  1514 | D:3      | Noticed Natasha
  1521 | D:3      | Killed Natasha
  1807 | D:3      | Noticed Natasha
  1825 | D:3      | Killed Natasha
  1826 | D:3      | Reached XP level 6. HP: 34/43 MP: 6/6
  2104 | D:3      | Reached skill level 4 in Unarmed Combat
  2220 | D:4      | Found a staircase to the Ecumenical Temple.
  2230 | Temple   | Entered the Ecumenical Temple
  2237 | Temple   | Became a worshipper of the Wu Jian Council
  2322 | D:4      | Found Zuegaqir's Jewellery Shoppe.
  2442 | D:4      | Noticed CrypticCrinoid's ghost (amateur MiBe)
  2442 | D:4      | Noticed an ice beast
  2646 | D:4      | Found a runed translucent gate.
  2646 | D:4      | Found a runed translucent gate.
  2646 | D:4      | Found a runed translucent gate.
  2726 | D:5      | Entered Level 5 of the Dungeon
  2855 | D:5      | Reached XP level 7. HP: 36/48 MP: 7/7
  3105 | D:5      | Reached skill level 5 in Unarmed Combat
  3352 | D:6      | Found a transporter.
  3359 | D:6      | Found a transporter.
  3527 | D:6      | Mangled by an ogre

Illustrated notes

Levels and vault maps discovered:
D:1:      mainiacjoe_arrival_oval_in_oval, layout_basic, serial_glass,
          glass_columns_a, glass_columns_a, glass_columns_c, glass_columns_a,
          glass_columns_a, glass_columns_b, minmay_liquid_box
D:2:      layout_basic, hellmonk_ecumenical_altar_zigzags, serial_shops,
          nicolae_shop_behind_doors, kennysheep_path_1
D:3:      layout_loops_ring, kennysheep_generic_room_9, uniq_natasha
D:4:      layout_rooms, minmay_temple_entry_poolview, serial_shops, shop,
          gammafunk_ghost_icy, minivault_25
D:5:      layout_basic
D:6:      gammafunk_steamed_eel, layout_basic, serial_shops,
          nicolae_shop_crystal, nicolae_shop_gadgets
Temple:   nicolae_temple_bog_church

Skill      XL: |  1  2  3  4  5  6  7 |
---------------+----------------------+-----
Stealth        | 1 2 3 4 |  4.0
Unarmed Combat | 3 4 5 |  5.0
Fighting       | 4 |  4.4
Dodging        | 4 |  4.3
Shields        | 4 |  4.0

Action                     |  1- 3 |  4- 6 |  7- 9 || total
---------------------------+-------+-------+-------++-------
  Melee: Unarmed           |    55 |   113 |    26 ||   194
         Constrict         |    17 |    30 |     6 ||    53
         Tentacles         |    13 |    22 |     5 ||    40
         Punch             |     2 |     3 |     1 ||     6
  Throw: Stone             |     1 |     1 |       ||     2
Ability: Lunge             |       |    10 |     4 ||    14
    Use: Scroll            |     5 |     3 |     2 ||    10
         Potion            |       |     1 |       ||     1
   Stab: Sleeping          |     4 |    13 |     1 ||    18
 Armour: Skin              |    15 |    31 |     9 ||    55
  Dodge: Dodged            |    23 |    61 |    14 ||    98
  Block: Buckler           |     6 |    20 |     3 ||    29
